 Dungeon Crawl Stone Soup version 0.28.0-43-g3370ac3207 (webtiles) character file.

Game seed: 15719311627135080166

5 terff the Sneak (level 1, 0/14 HPs)
             Began as an Octopode Brigand on Mar 20, 2022.
             Slain by Terence
             ... wielding a +0 hand axe
              (4 damage)
             ... on level 2 of the Dungeon.
             The game lasted 00:00:57 (311 turns).

terff the Sneak (Octopode Brigand)                   Turns: 311, Time: 00:00:59

Health: 0/14       AC:  1    Str: 10    XL:     1   Next: 80%
Magic:  1/1        EV:  9    Int: 13    God:
Gold:   0          SH:  0    Dex: 13    Spells: 0/0 levels left

rFire   . . .      SeeInvis .   a - +2 dagger
rCold   . . .      Faith    .   (no shield)
rNeg    . . .      Spirit   .   (helmet restricted)
rPois   .          Reflect  .   (no amulet)
rElec   .          Harm     .   (no ring)
rCorr   .          Rampage  .   (no ring)
Will    .....                   (no ring)
Stlth   ++++......              (no ring)
HPRegen 0.04/turn               (no ring)
MPRegen 0.07/turn               (no ring)
                                (no ring)
                                (no ring)

@: constricted
A: almost no armour, amphibious, 8 rings, camouflage 1, gelatinous body 1,
(nimble swimmer 1), tentacles
a: no special abilities


You were on level 2 of the Dungeon.
You visited 1 branch of the dungeon, and saw 2 of its levels.

Inventory:

Hand Weapons
 a - a +2 dagger (weapon)
Missiles
 b - 8 poisoned darts (quivered)
 c - 2 curare-tipped darts
Potions
 e - a potion of haste {unknown}


   Skills:
 + Level 2.0 Fighting
 + Level 2.0 Short Blades
 + Level 2.0 Throwing
 + Level 1.0 Dodging
 + Level 5.7 Stealth


You couldn't memorise any spells.
You didn't know any spells.
Your spell library was empty.

Dungeon Overview and Level Annotations

Branches:
Dungeon (2/15)

Altars:

Annotations:
D:2 Terence


Innate Abilities, Weirdness & Mutations

You cannot wear most types of armour.
You are amphibious.
You can wear up to eight rings at the same time.
Your skin changes colour to match your surroundings (Stealth+).
Your rubbery body absorbs attacks. (AC +1, EV +1)
((You are camouflaged when in or above water. (Stealth+)))
You have tentacles for arms and can constrict up to eight enemies at once.


Message History

You start resting.
You start resting.
You feel your willpower return.
You start resting.
HP restored.
Terence the Incautious comes into view.
He is wielding a +0 hand axe.
A bat comes into view.
Found a book of Burglary.
Terence shouts!
You hear an angry hiss.
You hit Terence but do no damage. Your grab misses Terence.
A ball python comes into view.
Terence misses you.
The ball python hisses angrily.
You hit Terence. You grab Terence.
Terence is lightly wounded.
You constrict Terence. The bat hits you but does no damage.
The bat closely misses you.
Terence shouts, "Get ready for death!"
Terence closely misses you.
You hit Terence.
Terence is moderately wounded.
You constrict Terence. The bat barely misses you.
Terence shouts, "Get ready for death!"
Terence closely misses you.
You hit Terence.
Terence is heavily wounded.
You constrict Terence, but do no damage.
The ball python misses you. The ball python closely misses you.
Terence closely misses you. The bat hits you.
You hit Terence but do no damage. You squeeze Terence.
Terence is severely wounded.
You constrict Terence. The bat hits you. The ball python bites you.
The ball python closely misses you. Terence hits you with a +0 hand axe.
You hit Terence.
Terence is almost dead.
You constrict Terence. The bat barely misses you. The ball python bites you.
* * * LOW HITPOINT WARNING * * *
The ball python grabs you. The ball python constricts you.
The bat hits you but does no damage. Terence hits you with a +0 hand axe.
You die...

#.†...#
##.....###
#...)..#..
#.##.#.#.# #.
#.#.#.#
#.##...#.#
#.#.#..#.#
#.<###.#.#.##.#
#......##
##@@.....#
#####.#
#S#b###.## #.
#.. .# # #..#
.# #... :.
..... ## ###..
#..


You could see Terence, a bat and a ball python.

Vanquished Creatures
  A ball python (D:2)
  A bat (D:1)
  A hobgoblin (D:1)
  A kobold (D:2)
  A rat (D:1)
5 creatures vanquished.

Notes
Turn   | Place    | Note
-------+----------+-------------------------------------------
     0 | D:1      | terff the Octopode Brigand began the quest for the Orb.
     0 | D:1      | Reached XP level 1. HP: 14/14 MP: 1/1
   304 | D:2      | Noticed Terence
   311 | D:2      | Slain by Terence

Illustrated notes

Levels and vault maps discovered:
D:1:      tarquinn_simple_flora_water_d, layout_loops_corners
D:2:      layout_loops_cross, uniq_jessica, uniq_terence

Action                   || total
-------------------------++-------
Melee: Dagger            ||    12
       Constrict         ||     3
       Tentacles         ||     3
  Use: Scroll            ||     4
 Stab: Sleeping          ||     3
Armor: Skin              ||     3
Dodge: Dodged            ||    12
